 Dungeon Crawl Stone Soup version 0.31-a0-971-g75a2e9a4b4 (webtiles) character file.

Game seed: 4165430631413859760

911 serber55 the Caller (level 8, 59/59 HPs)
             Began as a Merfolk Summoner on Oct 28, 2023.
             Was an Initiate of Okawaru.
             Quit the game on level 6 of the Dungeon.
             The game lasted 00:18:30 (4743 turns).

serber55 the Caller (Merfolk Summoner)              Turns: 4743, Time: 00:18:30

Health: 59/59      AC:  6    Str: 10    XL:     8   Next: 8%
Magic:  13/13      EV: 14    Int: 15    God:    Okawaru [......]
Gold:   223        SH:  5    Dex: 14    Spells: 5/14 levels left

rFire   . . .        u - +1 scythe (venom)
rCold   + . .        (shield currently unavailable)
rNeg    . . .        a - +0 robe
rPois   .            r - +0 helmet
rElec   .            s - +2 cloak
rCorr   .            (no gloves)
SInv    .            (no boots)
Will    +....        m - amulet of reflection
Stlth   ++           j - ring of protection from cold
HPRegen 0.29/turn    c - ring of willpower
MPRegen 0.13/turn

%: reflection
@: no status effects
A: (nimble swimmer 2), mertail
a: Renounce Religion


You were on level 6 of the Dungeon.
You worshipped Okawaru.
Okawaru was noncommittal.
You visited 1 branch of the dungeon, and saw 6 of its levels.

You collected 223 gold pieces.

Inventory:

Hand Weapons
 t - the +1 hammer "Begeuc" {flame, rElec rPois rC+}
   (You found it on level 2 of the Dungeon)

   rC+:       It protects you from cold.
   rElec:     It insulates you from electricity.
   rPois:     It protects you from poison
 u - a +1 scythe of venom (weapon)
Missiles
 h - 2 poisoned darts (quivered)
Armour
 a - a +0 robe (worn)
 r - a +0 helmet (worn)
 s - a +2 cloak (worn)
Jewellery
 c - a ring of willpower (right hand)
 j - a ring of protection from cold (left hand)
 m - an amulet of reflection (around neck)
Wands
 w - a wand of polymorph (9)
Scrolls
 f - 2 scrolls of poison
 g - a scroll of vulnerability
 i - a scroll of enchant armour {unknown}
 k - 3 scrolls of amnesia
 l - 2 scrolls of teleportation {unknown}
 o - a scroll of fog
 v - a scroll of revelation {unknown}
Potions
 b - 3 potions of magic
 d - a potion of brilliance {unknown}
 e - a potion of ambrosia
 n - a potion of resistance
 p - 2 potions of berserk rage {unknown}
 q - 2 potions of curing {unknown}
 x - a potion of haste
 z - a potion of enlightenment {unknown}


   Skills:
 + Level 3.6 Fighting
 + Level 4.5 Polearms
 + Level 5.3 Dodging
 - Level 2.1 Stealth
 + Level 3.7 Spellcasting
 * Level 6.6 Summonings


You had 5 spell levels left.
You knew the following spells:

 Your Spells              Type           Power      Damage    Failure   Level
a - Summon Small Mammal   Summ           88%        N/A       1%          1
b - Call Imp              Summ           44%        N/A       1%          2
c - Call Canine Familiar  Summ           22%        N/A       3%          3
d - Summon Guardian Gole  Hex/Summ       12%        N/A       14%         3

Your spell library contained the following spells:

 Spells                   Type           Power      Damage    Failure   Level
 Slow                     Hex            8%         N/A       19%         1
 Confusing Touch          Hex            2%         N/A       50%         3
 Sigil of Binding         Hex            2%         N/A       50%         3
 Vampiric Draining        Necr           2%         2d6       50%         3
 Dimensional Bullseye     Hex/Tloc       1%         N/A       88%         4
 Leda's Liquefaction      Hex/Erth       1%         N/A       88%         4
 Vhi's Electric Charge    Tloc/Air       4%         N/A       88%         4
 Arcjolt                  Conj/Air       1%         1d11      99%         5
 Plasma Beam              Fire/Air       1%         2x1d11    100%        6
 Summon Lightning Spire   Summ/Air       Unusable   N/A       N/A         4

Dungeon Overview and Level Annotations

Branches:
Dungeon (6/15)
 Temple: D:4-7

Altars:
Fedhas
Okawaru
Ru

Shops:
D:1 (


Innate Abilities, Weirdness & Mutations

((You are very nimble when in or above water. (Stealth+, EV+, Speed+++)))
Your lower body shifts to a powerful aquatic tail in water.


Message History

Casting: Call Canine Familiar (dangerous; 3% risk of failure)
Confirm with . or Enter, or press ? or * to list all spells.
Okay, then.
You now have 220 gold pieces (gained 17).
Found a long sword.
Found 3 stones.
Found a flail.
You now have 223 gold pieces (gained 3).
An orc comes into view. It is wielding a +0 flail.
Okay, then.
An orc is nearby!
The orc shouts!
You hear a shout!
An orc warrior comes into view. It is wielding a +0 long sword.
An orc comes into view. It is wielding a +0 dagger.
The orc shouts!
You hear a shout!
An orc comes into view. It is wielding a +0 flail.
Casting: Call Canine Familiar (dangerous; 3% risk of failure)
Confirm with . or Enter, or press ? or * to list all spells.
You cannot coerce anything to answer your summons.
Casting: Call Canine Familiar (dangerous; 3% risk of failure)
Confirm with . or Enter, or press ? or * to list all spells.
You cannot coerce anything to answer your summons.
Casting: Call Canine Familiar (dangerous; 3% risk of failure)
Confirm with . or Enter, or press ? or * to list all spells.
You cannot coerce anything to answer your summons.
Casting: Call Canine Familiar (dangerous; 3% risk of failure)
Confirm with . or Enter, or press ? or * to list all spells.
You cannot coerce anything to answer your summons.
Casting: Call Canine Familiar (dangerous; 3% risk of failure)
Confirm with . or Enter, or press ? or * to list all spells.
Okay, then.
You reach to attack!
You puncture the orc!
You kill the orc!
Okawaru accepts your kill.
Casting: Call Canine Familiar (dangerous; 3% risk of failure)
Confirm with . or Enter, or press ? or * to list all spells.
Okay, then.
Okay, then.
Unknown command.
Are you sure you want to abandon this character and quit the game? (Confirm with "yes".)

oo.##..... .......... .
#........## ..
#o........# ....
#..........##.....##
....##.......##..#.....#.
........)................
..........##.....# #.....
........@.##.....###.....
..........##.............
##........##..........#..
......................#..
.......##............##..
.....................#...
.....................#.#.
.......................#.
......................#.


You could see an orc.

Vanquished Creatures
  Grinder (D:5)
  2 scorpions (D:4)
  A hound (D:5)
  An orc priest (D:4)
  Crazy Yiuf (D:2)
  An iguana (D:5)
  A sleepcap (D:4)
  An orc wizard (D:4)
  2 gnolls (D:4)
  4 adders
  3 ufetubi (D:5)
  A worm (D:2)
  A dart slug (D:2)
  13 orcs
  4 ball pythons
  A bat (D:2)
  2 endoplasms
  2 hobgoblins
  3 quokkas
  A frilled lizard (D:3)
  3 goblins
  3 kobolds
  2 rats
54 creatures vanquished.

Vanquished Creatures (collateral kills)
  Sigmund (D:3)
  An orc priest (D:5)
  A hound (D:5)
  An orc wizard (D:5)
  A gnoll (D:4)
  3 adders
  An ufetubus (D:5)
  11 orcs
  A bat (D:1)
  3 endoplasms
  A goblin (D:1)
  2 kobolds
  A rat (D:1)
28 creatures vanquished.

Grand Total: 82 creatures vanquished

Notes
Turn   | Place    | Note
-------+----------+-------------------------------------------
     0 | D:1      | serber55 the Merfolk Summoner began the quest for the Orb.
     0 | D:1      | Reached XP level 1. HP: 13/13 MP: 3/3
   320 | D:1      | Found Tihaloko's Antique Weapon Boutique.
   390 | D:1      | Reached XP level 2. HP: 20/20 MP: 1/5
   442 | D:1      | Learned a level 2 spell: Call Imp
  1012 | D:2      | Reached skill level 1 in Polearms
  1110 | D:2      | Found a faded altar of an unknown god.
  1126 | D:2      | Reached XP level 3. HP: 4/25 MP: 2/6
  1315 | D:2      | Reached skill level 1 in Fighting
  1610 | D:2      | Identified the +1 hammer "Begeuc" {flame, rElec rPois rC+}
  1613 | D:2      | Found a runed translucent door.
  1614 | D:2      | Noticed Crazy Yiuf
  1639 | D:2      | Killed Crazy Yiuf
  1640 | D:2      | Reached XP level 4. HP: 32/32 MP: 1/7
  1702 | D:2      | Learned a level 3 spell: Call Canine Familiar
  1799 | D:3      | Noticed Sigmund
  1992 | D:3      | Killed Sigmund
  1993 | D:3      | Reached skill level 5 in Summonings
  1993 | D:3      | Reached XP level 5. HP: 24/38 MP: 3/9
  1994 | D:3      | Reached XP level 6. HP: 28/44 MP: 3/10
  2165 | D:3      | Learned a level 3 spell: Summon Guardian Golem
  3405 | D:5      | Entered Level 5 of the Dungeon
  3405 | D:5      | Found an iron altar of Okawaru.
  3494 | D:5      | Noticed Grinder
  3606 | D:5      | Found a blossoming altar of Fedhas.
  3677 | D:4      | Reached XP level 7. HP: 12/51 MP: 6/11
  3974 | D:5      | Paralysed by Grinder for 2 turns
  3982 | D:5      | Killed Grinder
  3983 | D:5      | Reached skill level 6 in Summonings
  4145 | D:5      | Reached skill level 5 in Dodging
  4344 | D:5      | Reached XP level 8. HP: 58/58 MP: 5/13
  4533 | D:5      | Became a worshipper of Warmaster Okawaru
  4559 | D:5      | Found a sacrificial altar of Ru.
  4743 | D:6      | Quit the game

Illustrated notes

Levels and vault maps discovered:
D:1:      dpeg_arrival_oval, layout_basic, serial_shops, shop,
          serial_park_tiny_pond
D:2:      layout_basic, basic_ecumenical_altar, kennysheep_generic_room_2,
          uniq_crazy_yiuf_cottage
D:3:      layout_basic, serial_glass, glass_columns_b, glass_columns_b,
          glass_columns_b, glass_columns_b, item_on_display_a, uniq_sigmund
D:4:      layout_basic
D:5:      layout_rooms, fedhas_altar_2, okawaru_metal_pillars_1_2,
          nicolae_ru_awakened_eye, uniq_grinder
D:6:      layout_basic, minmay_temple_entry_waves

Skill      XL: |  1  2  3  4  5  6  7 |
---------------+----------------------+-----
Dodging        | 3 4 5 |  5.3
Polearms       | 1 2 3 4 |  4.5
Fighting       | 1 2 3 |  3.6
Summonings     | 5 6 |  6.6
Spellcasting   | 3 |  3.7
Stealth        | |  2.1

Action                     |  1- 3 |  4- 6 |  7- 9 || total
---------------------------+-------+-------+-------++-------
  Melee: Spear             |    66 |       |       ||    66
         Punch             |     1 |     1 |       ||     2
         Mace              |       |     6 |       ||     6
         Halberd           |       |    49 |    68 ||   117
   Cast: Summon Small Mamm |    16 |       |     2 ||    18
         Call Imp          |     9 |     8 |     7 ||    24
         Call Canine Famil |       |     8 |     7 ||    15
         Summon Guardian G |       |     1 |     4 ||     5
    Use: Potion            |     4 |     3 |       ||     7
         Scroll            |       |     9 |       ||     9
   Stab: Sleeping          |     7 |     6 |     1 ||    14
 Armour: Robe              |    17 |    43 |    56 ||   116
  Dodge: Dodged            |    19 |    31 |    68 ||   118
  Block: Other             |       |    17 |    23 ||    40

Table legend: (Time is in decaauts)
 A = Elapsed time spent in this place.
 B = Non-inter-level travel time spent in this place.
 C = Inter-level travel time spent in this place.
 D = Time resting spent in this place.
 E = Time spent auto-exploring this place.
 F = Levels seen in this place.
 G = Mean time per level.
                   A        B        C        D        E       F      G
               +--------+--------+--------+--------+--------+-----+--------+
         Total |   4757 |   4502 |    255 |    911 |   2760 |   6 |  792.8 |
       Dungeon |   4757 |   4502 |    255 |    911 |   2760 |   6 |  792.8 |
               +--------+--------+--------+--------+--------+-----+--------+

Top non-repeatable levels by time:
     D:4: 1348 daAuts
     D:1: 942 daAuts
     D:2: 850 daAuts
     D:3: 849 daAuts
     D:5: 710 daAuts
     D:6: 56 daAuts
